 Dungeon Crawl Stone Soup version 0.30.1-9-gdf580d7c3d (webtiles) character file.

Game seed: 9809464098963514263

123 pkoi the Insei (level 4, -5/40 HPs)
             Began as a Draconian Monk on Oct 24, 2023.
             Killed by divine providence
             ... invoked by an orc priest
              (13 damage)
             ... on level 3 of the Dungeon.
             The game lasted 00:02:43 (2363 turns).

pkoi the Insei (Draconian Monk)                     Turns: 2363, Time: 00:02:44

Health: -5/40      AC:  5    Str: 13    XL:     4   Next: 79%
Magic:  4/4        EV: 12    Int: 13    God:
Gold:   159        SH:  0    Dex: 13    Spells: 3/3 levels left

rFire   . .          .
                       - Unarmed
rCold   . . .        b - orb {light}
rNeg    . . .        (body armour unavailable)
rPois   .            (helmet restricted)
rElec   .            (no cloak)
rCorr   .            (no gloves)
SInv    .            (no boots)
Will    .....        (no amulet)
Stlth   +            (no ring)
HPRegen 0.26/turn    (no ring)
MPRegen 0.09/turn

%: no passive effects
@: glowing
A: AC +5, unfitting armour, cold-blooded
a: no special abilities


You were on level 3 of the Dungeon.
You visited 1 branch of the dungeon, and saw 4 of its levels.

You collected 259 gold pieces.
You spent 100 gold pieces at shops.

Inventory:

Missiles
 d - 6 poisoned darts
 g - 4 boomerangs (quivered)
Armour
 b - an orb of light (worn)
Scrolls
 c - 2 scrolls of identify
 h - a scroll of brand weapon
 j - a scroll of blinking {unknown}
Potions
 a - a potion of ambrosia
 e - 2 potions of heal wounds
 f - a potion of haste
 i - a potion of brilliance {unknown}


   Skills:
 + Level 3.7 Fighting
 + Level 3.0 Dodging
 * Level 5.1 Unarmed Combat


You had 3 spell levels left.
You didn't know any spells.
Your spell library contained the following spells:

 Spells                   Type           Power      Damage    Failure   Level
 Slow                     Hex            0%         N/A       30%         1
 Confusing Touch          Hex            0%         N/A       67%         3
 Vampiric Draining        Necr           0%         2d6       67%         3


Dungeon Overview and Level Annotations

Branches:
Dungeon (4/15)
 Temple: D:4-7

Altars:

Shops:
D:2 :=((   D:3 !


Innate Abilities, Weirdness & Mutations

Your plain brown scales are hard. (AC +5)
You cannot fit into any form of body armour.
You are cold-blooded and may be slowed by cold attacks.


Message History

You tail-slap the orc, but do no damage.
The orc is heavily wounded.
The orc barely misses you.
You barely miss the orc.
The orc is heavily wounded.
The orc barely misses you.
You barely miss the orc.
Your tail-slap misses the orc.
The orc is heavily wounded.
The orc closely misses you.
You barely miss the orc. You tail-slap the orc.
The orc is severely wounded.
The orc barely misses you.
The orc priest mumbles some strange prayers to Beogh against you.
Beogh smites you!
* * * LOW HITPOINT WARNING * * *
You are too injured to fight recklessly!
You are too injured to fight recklessly!
You are too injured to fight recklessly!
You are too injured to fight recklessly!
You are too injured to fight recklessly!
You are too injured to fight recklessly!
You are too injured to fight recklessly!
You are too injured to fight recklessly!
You are too injured to fight recklessly!
You are too injured to fight recklessly!
You are too injured to fight recklessly!
You are too injured to fight recklessly!
You are too injured to fight recklessly!
You hit the orc.
You kill the orc!
The orc priest mumbles some strange prayers to Beogh against you.
Pain shoots through your body!
* * * LOW HITPOINT WARNING * * *
You barely miss the orc priest.
Your tail-slap misses the orc priest.
The orc priest closely misses you.
Unknown command.
You barely miss the orc priest.
The orc priest calls down the wrath of Beogh upon you.
Beogh smites you!
You die...

##.#.######.....#
...#.####.....# #. .# #.
####.).##.#...# . ##.# #.#
#...##.#...# .#.#.# #.#
#...##.#.#.# ....)# ## #.#
#...##.#.#.# #....# . #.#
#......#...# +..[.# #.#.#
########.######)!..###.
#.#.## ............@oo.......
#....† #
###############.##########.##
.# #......# .#............
#.## #.####.# .#.########.##
...# #.# #.# .#.# ..# ...#
#.# #.# .#.# .### ...# ###.#
#.# .#.# ## ...# #...# #.#
.#.# #+## #.######.# #.#


You could see 2 orc priests.

Vanquished Creatures
  Natasha (twice) (D:3)
  2 adders (D:2)
  2 worms (D:2)
  2 dart slugs
  2 orcs (D:3)
  3 endoplasms
  2 giant cockroaches
  11 goblins
  3 hobgoblins
  2 kobolds (D:1)
  2 ball pythons
  3 bats (D:2)
  5 frilled lizards (D:1)
  2 rats
43 creatures vanquished.

Notes
Turn   | Place    | Note
-------+----------+-------------------------------------------
     0 | D:1      | pkoi the Draconian Monk began the quest for the Orb.
     0 | D:1      | Reached XP level 1. HP: 19/19 MP: 1/1
   167 | D:1      | Reached XP level 2. HP: 26/26 MP: 2/2
   438 | D:1      | Reached skill level 4 in Unarmed Combat
   964 | D:2      | You fall into a shaft and drop 2 floors!
  1052 | D:3      | Found Jais's Distillery.
  1055 | D:3      | Bought 2 potions of heal wounds for 100 gold pieces
  1309 | D:2      | Reached XP level 3. HP: 31/31 MP: 3/3
  1421 | D:2      | Found Kisibluo's Jewellery Boutique.
  1488 | D:2      | Found Kuasuog's Weapon Shoppe.
  1628 | D:2      | Found Moupte Nuysch's Antique Weapon Shoppe.
  1999 | D:2      | Found Axais's Book Emporium.
  2162 | D:3      | Noticed Natasha
  2170 | D:3      | Killed Natasha
  2171 | D:3      | Reached XP level 4. HP: 34/38 MP: 4/4
  2182 | D:3      | Noticed Natasha
  2190 | D:3      | Killed Natasha
  2191 | D:3      | Reached skill level 5 in Unarmed Combat
  2340 | D:3      | Found the +7 Kryia's mail coat {PotionHeal*2 rC+}
  2363 | D:3      | Killed from afar by an orc priest

Illustrated notes

Levels and vault maps discovered:
D:1:      evilmike_arrival_fibonacci_small, layout_loops_ring,
          hangedman_decor_growths, st_stairs_11, moated_statue,
          nicolae_wormholes
D:2:      layout_basic, serial_shops, nicolae_shop_behind_doors,
          nicolae_shop_back_alley_shop, shop_fountains,
          nicolae_shop_tiny_statue_garden, palyth_stone_intersect
D:3:      layout_basic, serial_shops, nicolae_shop_industrial_runoff,
          minmay_increasing_density, uniq_terence, uniq_natasha, uniq_jessica
D:4:      layout_loops_corners, minmay_hollow_rounded_squares, uniq_robin

Skill      XL: |  1  2  3  4 |
---------------+-------------+-----
Unarmed Combat | 4 5 |  5.1
Dodging        | 3 |  3.0
Fighting       | |  3.7

Action                     |  1- 3 |  4- 6 || total
---------------------------+-------+-------++-------
  Melee: Unarmed           |   105 |    24 ||   129
         Tailslap          |    19 |     4 ||    23
    Use: Scroll            |     4 |       ||     4
         Potion            |     1 |       ||     1
 Armour: Skin              |    23 |     2 ||    25
  Dodge: Dodged            |    45 |     9 ||    54
